 Dungeon Crawl Stone Soup version 0.30.1-4-g462c640d31 (webtiles) character file.

Game seed: 1611124044776799377

252 Hydra2011 the Chopper (level 5, -1/38 HPs)
             Began as a Demonspawn Gladiator on Aug 31, 2023.
             Splashed by a jelly's acid (11 damage)
             ... on level 4 of the Dungeon.
             The game lasted 00:04:12 (2928 turns).

Hydra2011 the Chopper (Demonspawn Gladiator)        Turns: 2928, Time: 00:04:13

Health: -1/38      AC: -8    Str: 16    XL:     5   Next: 89%
Magic:  5/5        EV: 12    Int:  9    God:
Gold:   85         SH:  0    Dex: 15    Spells: 4/4 levels left

rFire   + . .        a - +0 war axe
rCold   . . .        (no shield)
rNeg    . . .        b - +0 leather armour
rPois   .            c - +0 helmet
rElec   .            (no cloak)
rCorr   .            (no gloves)
SInv    .            (no boots)
Will    .....        (no amulet)
Stlth   +            m - ring of protection from fire
HPRegen 0.26/turn    (no ring)
MPRegen 0.09/turn

%: no passive effects
@: corroded
A: spiny 1, demonic touch 1
a: no special abilities


You were on level 4 of the Dungeon.
You visited 1 branch of the dungeon, and saw 4 of its levels.

You collected 85 gold pieces.

Inventory:

Hand Weapons
 a - a +0 war axe (weapon)
 p - a +2 whip of electrocution
Missiles
 d - 2 throwing nets (quivered)
 e - a javelin
Armour
 b - a +0 leather armour (worn)
 c - a +0 helmet (worn)
Jewellery
 m - a ring of protection from fire (left hand)
Scrolls
 f - a scroll of immolation {unknown}
 g - a scroll of poison {unknown}
 j - 3 scrolls of identify
 l - a scroll of teleportation {unknown}
 n - a scroll of brand weapon {unknown}
 o - a scroll of blinking {unknown}
 q - a scroll of vulnerability {unknown}
Potions
 h - a potion of lignification
 i - 4 potions of curing
 k - a potion of might


   Skills:
 - Level 2.0 Fighting
 + Level 6.1 Axes
 - Level 1.7 Throwing
 - Level 2.6 Dodging


You had 4 spell levels left.
You didn't know any spells.
Your spell library contained the following spells:

 Spells                   Type           Power      Damage    Failure   Level
 Cigotuvi's Dreadful Rot  Necr/Pois/Air  0%         N/A       58%         2
 Ignite Poison            Fire/Tmut/Pois 0%         N/A       83%         3
 Freezing Cloud           Conj/Ice/Air   0%         6-21      100%        5


Dungeon Overview and Level Annotations

Branches:
Dungeon (4/15)
 Temple: D:4-7

Altars:
Wu Jian

Shops:
D:1 !


Innate Abilities, Weirdness & Mutations

You are partially covered in sharp spines.
Your touch may inflict minor irresistible damage on your foes.


Message History

You slash the worm!
The worm is severely wounded.
You barely miss the worm.
You touch the worm.
You kill the worm!
No target in view!
You see here a +0 ring mail.
Found a stone staircase leading up.
Done exploring.
Done exploring.
Done exploring.
There is a stone staircase leading down here.
You climb downwards.
There is a stone staircase leading up here.
A jelly comes into view.
Found 2 bubbling brown potions.
The jelly is struck by your spines. The jelly hits you but does no damage.
You slash the jelly! The acid corrodes you!
Your hands burn!
The jelly is severely wounded.
The jelly is struck by your spines. The jelly hits you.
You are splashed with acid.
You slash the jelly!
You kill the jelly!
Your Axes skill increases to level 6!
You hit the jelly. The acid corrodes you!
Your hands burn!
The jelly is moderately wounded.
The jelly hits you.
You are splashed with acid!
You are too injured to fight recklessly!
You are too injured to fight recklessly!
You are too injured to fight recklessly!
You are too injured to fight recklessly!
You are too injured to fight recklessly!
You hit the jelly.
Your hands burn!
The jelly is heavily wounded.
The jelly is struck by your spines. The jelly closely misses you.
You hit the jelly but do no damage.
Your hands burn!
The jelly is severely wounded.
The jelly is struck by your spines. The jelly hits you.
* * * LOW HITPOINT WARNING * * *
The acid corrodes you!
You are splashed with acid!
You die...

#.#.###.#......
#.#............
#..............
#.##.............
.........<..#
...........##
######.#.##
######..######
#.....@J......
#.####.#######
..# .... #...!
...... #......
........


You could see a jelly.

Vanquished Creatures
  A jelly (D:4)
  Terence (D:2)
  Natasha (thrice) (D:2)
  3 gnolls (D:3)
  2 adders
  2 worms (D:3)
  4 dart slugs
  7 ball pythons
  5 endoplasms
  6 giant cockroaches
  7 goblins
  3 hobgoblins
  3 kobolds
  A quokka (D:1)
  9 bats
  5 frilled lizards
  2 rats (D:1)
64 creatures vanquished.

Notes
Turn   | Place    | Note
-------+----------+-------------------------------------------
     0 | D:1      | Hydra2011 the Demonspawn Gladiator began the quest for the
                  | Orb.
     0 | D:1      | Reached XP level 1. HP: 16/16 MP: 1/1
    91 | D:1      | Reached skill level 3 in Axes
   148 | D:1      | Found Xishrui's Distillery.
   201 | D:1      | Gained mutation: You are partially covered in sharp spines.
                  | [demonic ancestry]
   201 | D:1      | Reached XP level 2. HP: 18/22 MP: 2/2
   602 | D:1      | Reached XP level 3. HP: 27/27 MP: 3/3
   923 | D:2      | Reached skill level 4 in Axes
  1205 | D:2      | Noticed Terence
  1219 | D:2      | Killed Terence
  1220 | D:2      | Gained mutation: Your touch may inflict minor irresistible
                  | damage on your foes. [demonic ancestry]
  1220 | D:2      | Reached XP level 4. HP: 7/33 MP: 4/4
  1340 | D:2      | Noticed Natasha
  1354 | D:2      | Killed Natasha
  1401 | D:2      | Noticed Natasha
  1406 | D:2      | Killed Natasha
  1407 | D:2      | Reached skill level 5 in Axes
  1583 | D:2      | Reached XP level 5. HP: 38/38 MP: 5/5
  1590 | D:2      | Noticed Natasha
  1597 | D:2      | Killed Natasha
  2444 | D:3      | Found an ornate altar of the Wu Jian Council.
  2926 | D:4      | Reached skill level 6 in Axes
  2928 | D:4      | Splashed by a jelly's acid

Illustrated notes

Levels and vault maps discovered:
D:1:      shiori_arrival_elements, layout_basic, serial_shops,
          nicolae_diamond_shop, chequers_garden, hangedman_feature_mirror,
          minmay_door_square
D:2:      layout_loops_cross, minmay_pentomino_v4, uniq_natasha, uniq_terence
D:3:      layout_basic, lemuel_tele_altar
D:4:      layout_basic, minmay_temple_entry_enclosed_plants

Skill      XL: |  1  2  3  4  5 |
---------------+----------------+-----
Axes           | 3 4 5 6 |  6.1
Fighting       | |  2.0
Throwing       | |  1.7
Dodging        | |  2.6

Action                     |  1- 3 |  4- 6 || total
---------------------------+-------+-------++-------
  Melee: War axe           |    83 |    59 ||   142
         Punch             |     1 |       ||     1
         Touch             |       |     9 ||     9
  Throw: Throwing net      |       |     1 ||     1
    Use: Scroll            |       |     3 ||     3
   Stab: Sleeping          |     1 |     1 ||     2
 Armour: Leather armour    |    30 |    12 ||    42
  Dodge: Dodged            |    62 |    24 ||    86
